TOP OF THE 1ST |
Chula Vista Tacos batting - Pitching for Saskatoon Smokin' Guns : RHP Melvin Hicks
|
Pitching: RHP Melvin Hicks
|
|
Batting: RHB Matt O'Rourke
|
0-0: Called Strike 0-1: Ball 1-1: Called Strike 1-2: Foul Ball, location: 2F 1-2: Ball 2-2: Ball 3-2: Foul Ball, location: 2F 3-2: Strikes out looking
|
Batting: RHB Júlio García
|
0-0: Ball 1-0: Ball 2-0: Foul Ball, location: 2F 2-1: Swinging Strike 2-2: Strikes out looking
|
Batting: LHB Arthur MacDonald
|
0-0: Fly out, F8 (Line Drive, 8RD)
|
Top of the 1st over - 0 run(s), 0 hit(s), 0 error(s), 0 left on base; Chula Vista 0 - Saskatoon 0 |
BOTTOM OF THE 1ST |
Saskatoon Smokin' Guns batting - Pitching for Chula Vista Tacos : LHP Brian Hodges
|
Pitching: LHP Brian Hodges
|
|
Batting: RHB Justin Geoghegan
|
0-0: Ball 1-0: Ground out 6-3 (Groundball, 6S)
|
Batting: RHB Johnny Hawson
|
0-0: Ball 1-0: Ball 2-0: Called Strike 2-1: Called Strike 2-2: Foul Ball, location: 2F 2-2: Ball 3-2: Strikes out swinging
|
Batting: RHB Joaquín Luna
|
0-0: Ball 1-0: Fly out, F3 (Line Drive, 34)
|
Bottom of the 1st over - 0 run(s), 0 hit(s), 0 error(s), 0 left on base; Chula Vista 0 - Saskatoon 0 |
TOP OF THE 2ND |
Chula Vista Tacos batting - Pitching for Saskatoon Smokin' Guns : RHP Melvin Hicks
|
Batting: RHB Jake Reeves
|
0-0: SINGLE (Flyball, 6MD)
|
Batting: LHB Ethan Shaw
|
0-0: Ball 1-0: SINGLE (Line Drive, 34) Jake Reeves to second
|
Batting: LHB Dave Reynolds
|
0-0: Ball 1-0: Swinging Strike 1-1: Swinging Strike 1-2: Foul Ball, location: 2F 1-2: Ball 2-2: Foul Ball, location: 2F 2-2: Strikes out swinging
|
Batting: LHB Steven Smith
|
0-0: Grounds into double play, 5-4-3 (Groundball, 56)
|
Top of the 2nd over - 0 run(s), 2 hit(s), 0 error(s), 1 left on base; Chula Vista 0 - Saskatoon 0 |
BOTTOM OF THE 2ND |
Saskatoon Smokin' Guns batting - Pitching for Chula Vista Tacos : LHP Brian Hodges
|
Batting: LHB Bo Rush
|
0-0: Ball 1-0: Called Strike 1-1: Ball 2-1: Ball 3-1: Base on Balls
|
Batting: LHB Rubén Salazar
|
0-0: Foul Ball, location: 2F 0-1: Fly out, F7 (Flyball, 7S)
|
Batting: LHB José Domínguez
|
0-0: Ball 1-0: Called Strike 1-1: Ball 2-1: Ball 3-1: Foul Ball, location: 2F 3-2: Base on Balls Bo Rush to second
|
Batting: RHB Rafael Gonzáles
|
0-0: Foul Ball, location: 2F 0-1: Grounds into double play, 6-4-3 (Groundball, 6)
|
Bottom of the 2nd over - 0 run(s), 0 hit(s), 0 error(s), 1 left on base; Chula Vista 0 - Saskatoon 0 |
TOP OF THE 3RD |
Chula Vista Tacos batting - Pitching for Saskatoon Smokin' Guns : RHP Melvin Hicks
|
Batting: LHB Nick Hill
|
0-0: Fly out, F7 (Flyball, 78M)
|
Batting: LHB Roderick Delgado
|
0-0: Ball 1-0: Swinging Strike 1-1: Ball 2-1: Ball 3-1: Base on Balls
|
Batting: RHB Matt O'Rourke
|
0-0: Called Strike 0-1: Ball 1-1: Swinging Strike 1-2: Ball 2-2: Ball 3-2: Foul Ball, location: 2F 3-2: Foul Ball, location: 2F 3-2: Foul Ball, location: 2F 3-2: Base on Balls Roderick Delgado to second
|
Batting: RHB Júlio García
|
0-0: Ball 1-0: Ball 2-0: Ball 3-0: Called Strike 3-1: Foul Ball, location: 2F 3-2: Foul Ball, location: 2F 3-2: Foul Ball, location: 2F 3-2: Foul Ball, location: 2F 3-2: Strikes out swinging
|
Batting: LHB Arthur MacDonald
|
0-0: Called Strike 0-1: Ball 1-1: Fielders Choice at 2nd, 4-6 (Groundball, 4)
|
Top of the 3rd over - 0 run(s), 0 hit(s), 0 error(s), 1 left on base; Chula Vista 0 - Saskatoon 0 |
BOTTOM OF THE 3RD |
Saskatoon Smokin' Guns batting - Pitching for Chula Vista Tacos : LHP Brian Hodges
|
Batting: RHB Joe Lewis
|
0-0: Foul Ball, location: 2F 0-1: Ball 1-1: Foul Ball, location: 2F 1-2: SINGLE (Line Drive, 34D)
|
Batting: RHB Artie Turner
|
0-0: Called Strike 0-1: Ground out 6-3 (Groundball, 6S) Joe Lewis to second
|
Batting: RHB Justin Geoghegan
|
0-0: Swinging Strike 0-1: Ball 1-1: Ball 2-1: Ball 3-1: Base on Balls
|
Batting: RHB Johnny Hawson
|
0-0: Ball 1-0: SINGLE (Line Drive, 89M) Joe Lewis to third Justin Geoghegan to second
|
Batting: RHB Joaquín Luna
|
0-0: Called Strike 0-1: Fly out, F5 (Popup, 5S)
|
Batting: LHB Bo Rush
|
0-0: Called Strike 0-1: Ball 1-1: DOUBLE (Line Drive, 9D) Joe Lewis scores Justin Geoghegan scores Johnny Hawson to third Runner from 3rd tries for Home, SAFE, no throw
|
Batting: LHB Rubén Salazar
|
0-0: Fly out, F8 (Flyball, 8RS)
|
Bottom of the 3rd over - 3 run(s), 3 hit(s), 0 error(s), 1 left on base; Chula Vista 0 - Saskatoon 3 |
TOP OF THE 4TH |
Chula Vista Tacos batting - Pitching for Saskatoon Smokin' Guns : RHP Melvin Hicks
|
Batting: RHB Jake Reeves
|
0-0: Called Strike 0-1: Foul Ball, location: 2F 0-2: Foul Ball, location: 2F 0-2: Ball 1-2: Strikes out swinging
|
Batting: LHB Ethan Shaw
|
0-0: Ball 1-0: Foul Ball, location: 2F 1-1: Ball 2-1: Ground out 4-3 (Groundball, 4)
|
Batting: LHB Dave Reynolds
|
0-0: Called Strike 0-1: Ball 1-1: Ball 2-1: Ball 3-1: DOUBLE (Line Drive, 8LD)
|
Batting: LHB Steven Smith
|
0-0: Ground out 1-3 (Groundball, 15S)
|
Top of the 4th over - 0 run(s), 1 hit(s), 0 error(s), 1 left on base; Chula Vista 0 - Saskatoon 3 |
BOTTOM OF THE 4TH |
Saskatoon Smokin' Guns batting - Pitching for Chula Vista Tacos : LHP Brian Hodges
|
Batting: LHB José Domínguez
|
0-0: Called Strike 0-1: Foul Ball, location: 2F 0-2: Strikes out looking
|
Batting: RHB Rafael Gonzáles
|
0-0: Called Strike 0-1: Swinging Strike 0-2: Ball 1-2: Ball 2-2: Strikes out looking
|
Batting: RHB Joe Lewis
|
0-0: Called Strike 0-1: Ball 1-1: Swinging Strike 1-2: Foul Ball, location: 2F 1-2: Strikes out looking
|
Bottom of the 4th over - 0 run(s), 0 hit(s), 0 error(s), 0 left on base; Chula Vista 0 - Saskatoon 3 |
TOP OF THE 5TH |
Chula Vista Tacos batting - Pitching for Saskatoon Smokin' Guns : RHP Melvin Hicks
|
Batting: LHB Nick Hill
|
0-0: Called Strike 0-1: Ground out 6-3 (Groundball, 6)
|
Batting: LHB Roderick Delgado
|
0-0: Called Strike 0-1: Ball 1-1: Called Strike 1-2: Strikes out swinging
|
Batting: RHB Matt O'Rourke
|
0-0: Ball 1-0: Ball 2-0: Ball 3-0: Called Strike 3-1: Base on Balls
|
Batting: RHB Júlio García
|
0-0: Called Strike 0-1: Ball 1-1: Foul Ball, location: 2F 1-2: SINGLE (Groundball, 56D) Matt O'Rourke to second
|
Batting: LHB Arthur MacDonald
|
0-0: Ball 1-0: Fly out, F4 (Line Drive, 4)
|
Top of the 5th over - 0 run(s), 1 hit(s), 0 error(s), 2 left on base; Chula Vista 0 - Saskatoon 3 |
BOTTOM OF THE 5TH |
Saskatoon Smokin' Guns batting - Pitching for Chula Vista Tacos : LHP Brian Hodges
|
Batting: RHB Artie Turner
|
0-0: Called Strike 0-1: Called Strike 0-2: Foul Ball, location: 2F 0-2: Strikes out looking
|
Batting: RHB Justin Geoghegan
|
0-0: Called Strike 0-1: Swinging Strike 0-2: Ball 1-2: Ball 2-2: Fly out, F8 (Flyball, 8RM)
|
Batting: RHB Johnny Hawson
|
0-0: Called Strike 0-1: Foul Ball, location: 2F 0-2: Ball 1-2: Foul Ball, location: 2F 1-2: Strikes out looking
|
Bottom of the 5th over - 0 run(s), 0 hit(s), 0 error(s), 0 left on base; Chula Vista 0 - Saskatoon 3 |
TOP OF THE 6TH |
Chula Vista Tacos batting - Pitching for Saskatoon Smokin' Guns : RHP Melvin Hicks
|
Batting: RHB Jake Reeves
|
0-0: Swinging Strike 0-1: Ball 1-1: Ball 2-1: Called Strike 2-2: Ball 3-2: Strikes out looking
|
Pitching: LHP Ernesto Pérez
|
|
Batting: LHB Ethan Shaw
|
0-0: Ball 1-0: Ground out U3 (Groundball, 3)
|
Batting: LHB Dave Reynolds
|
0-0: Foul Ball, location: 2F 0-1: Ground out 3-1 (Groundball, 23)
|
Top of the 6th over - 0 run(s), 0 hit(s), 0 error(s), 0 left on base; Chula Vista 0 - Saskatoon 3 |
BOTTOM OF THE 6TH |
Saskatoon Smokin' Guns batting - Pitching for Chula Vista Tacos : LHP Brian Hodges
|
Batting: RHB Joaquín Luna
|
0-0: Foul Ball, location: 2F 0-1: Swinging Strike 0-2: Foul Ball, location: 2F 0-2: Foul Ball, location: 2F 0-2: Strikes out swinging
|
Batting: LHB Bo Rush
|
0-0: Swinging Strike 0-1: Called Strike 0-2: SINGLE (Flyball, 7S)
|
Batting: LHB Rubén Salazar
|
0-0: Ball 1-0: Ball 2-0: Ground out 3-1 (Groundball, 34S) Bo Rush to second
|
Batting: LHB José Domínguez
|
0-0: Called Strike 0-1: Ball 1-1: Fly out, F9 (Line Drive, 89M)
|
Bottom of the 6th over - 0 run(s), 1 hit(s), 0 error(s), 1 left on base; Chula Vista 0 - Saskatoon 3 |
TOP OF THE 7TH |
Chula Vista Tacos batting - Pitching for Saskatoon Smokin' Guns : LHP Ernesto Pérez
|
Batting: LHB Steven Smith
|
0-0: Ball 1-0: Ball 2-0: Ball 3-0: Called Strike 3-1: Fly out, F5 (Line Drive, 56S)
|
Batting: LHB Nick Hill
|
0-0: Ball 1-0: Foul Ball, location: 2F 1-1: Called Strike 1-2: Strikes out swinging
|
Batting: LHB Roderick Delgado
|
0-0: Reached on error, E6 (Groundball, 6)
|
Batting: RHB Matt O'Rourke
|
0-0: Swinging Strike 0-1: Foul Ball, location: 2F 0-2: Ball Roderick Delgado is caught stealing 2nd base
|
Top of the 7th over - 0 run(s), 0 hit(s), 1 error(s), 0 left on base; Chula Vista 0 - Saskatoon 3 |
BOTTOM OF THE 7TH |
Saskatoon Smokin' Guns batting - Pitching for Chula Vista Tacos : LHP Brian Hodges
|
Pitching: LHP Alejandro Flores
|
|
Batting: RHB Rafael Gonzáles
|
0-0: Ball 1-0: Ball 2-0: Swinging Strike 2-1: Ground out 5-3 (Groundball, 5L)
|
Batting: RHB Joe Lewis
|
0-0: Ground out 4-3 (Groundball, 34)
|
Batting: RHB Artie Turner
|
0-0: Called Strike 0-1: Swinging Strike 0-2: Foul Ball, location: 2F 0-2: Ground out 6-3 (Groundball, 6)
|
Bottom of the 7th over - 0 run(s), 0 hit(s), 0 error(s), 0 left on base; Chula Vista 0 - Saskatoon 3 |
TOP OF THE 8TH |
Chula Vista Tacos batting - Pitching for Saskatoon Smokin' Guns : LHP Ernesto Pérez
|
Batting: RHB Matt O'Rourke
|
0-0: Ball 1-0: Bunted foul 1-1: Called Strike 1-2: Ball 2-2: Ball 3-2: Ground out 5-3 (Groundball, 56)
|
Batting: RHB Júlio García
|
0-0: Ball 1-0: Ball 2-0: Ball 3-0: Called Strike 3-1: Base on Balls
|
Pitching: RHP Daniel De Jesús
|
|
Batting: LHB Arthur MacDonald
|
0-0: Ball 1-0: Ball 2-0: SINGLE (Groundball, 34S) (infield hit) Júlio García to second
|
Batting: RHB Jake Reeves
|
0-0: Ball 1-0: Ball Wild Pitch! Júlio García to third Arthur MacDonald to second 2-0: Ball 3-0: Called Strike 3-1: Base on Balls
|
Batting: LHB Ethan Shaw
|
0-0: Ball 1-0: Called Strike 1-1: DOUBLE (Flyball, 89XD) Júlio García scores Arthur MacDonald scores Jake Reeves to third
|
Batting: LHB Dave Reynolds
|
0-0: Ball 1-0: Foul Ball, location: 2F 1-1: Ball 2-1: Ball 3-1: Base on Balls
|
Batting: LHB Steven Smith
|
0-0: Ball 1-0: Ball 2-0: Ball 3-0: Called Strike 3-1: Foul Ball, location: 2F 3-2: Strikes out looking
|
Batting: LHB Nick Hill
|
0-0: Called Strike 0-1: Called Strike 0-2: Ball 1-2: Fly out, F8 (Flyball, 8RM)
|
Top of the 8th over - 2 run(s), 2 hit(s), 0 error(s), 3 left on base; Chula Vista 2 - Saskatoon 3 |
BOTTOM OF THE 8TH |
Saskatoon Smokin' Guns batting - Pitching for Chula Vista Tacos : LHP Alejandro Flores
|
Batting: RHB Justin Geoghegan
|
0-0: Called Strike 0-1: Ground out 6-3 (Groundball, 6)
|
Batting: RHB Johnny Hawson
|
0-0: SINGLE (Groundball, 6MD)
|
Pinch Hitting: RHB Pedro Cabrera
|
0-0: Called Strike 0-1: Fly out, F9 (Flyball, 9LS)
|
Batting: LHB Bo Rush
|
0-0: Called Strike 0-1: Ball 1-1: Ball 2-1: Foul Ball, location: 2F 2-2: Ball 3-2: Ground out 4-3 (Groundball, 4)
|
Bottom of the 8th over - 0 run(s), 1 hit(s), 0 error(s), 1 left on base; Chula Vista 2 - Saskatoon 3 |
TOP OF THE 9TH |
Chula Vista Tacos batting - Pitching for Saskatoon Smokin' Guns : RHP Daniel De Jesús
|
Pitching: LHP Pedro González
|
|
Now at 2B: Ty Adams
|
|
Pinch Hitting: RHB Juan Morales
|
0-0: Called Strike 0-1: Ball 1-1: Called Strike 1-2: Strikes out swinging
|
Pinch Hitting: RHB Gerald Davis
|
0-0: Ball 1-0: Foul Ball, location: 2F 1-1: Foul Ball, location: 2F 1-2: Foul Ball, location: 2F 1-2: Ball 2-2: Strikes out swinging
|
Pinch Hitting: RHB Ron Garrett
|
0-0: Ball 1-0: Ball 2-0: Ball 3-0: Called Strike 3-1: Base on Balls
|
Pinch Runner at 1st Preston Wooten:
|
|
Batting: LHB Arthur MacDonald
|
0-0: Ground out 1-3 (Groundball, 13S)
|
Top of the 9th over - 0 run(s), 0 hit(s), 0 error(s), 1 left on base; Chula Vista 2 - Saskatoon 3 |
|